 Dungeon Crawl Stone Soup version 0.31.0-9-g3a7656b989 (webtiles) character file.

Game seed: 18405210398404411839

136 qw the Skirmisher (level 4, -1/25 HPs)
             Began as a Deep Elf Hunter on Feb 2, 2024.
             Killed from afar by Natasha (6 damage)
             ... with a magic dart
             ... on level 2 of the Dungeon.
             The game lasted 00:00:05 (1341 turns).

qw the Skirmisher (Deep Elf Hunter)                 Turns: 1341, Time: 00:00:05

Health: -1/25      AC:  5    Str: 10    XL:     4   Next: 98%
Magic:  6/6        EV: 11    Int: 14    God:
Gold:   77         SH:  0    Dex: 18    Spells: 3/3 levels left

rFire   . . .        a - +0 shortbow
rCold   . . .        (shield currently unavailable)
rNeg    . . .        f - +0 ring mail
rPois   .            (no helmet)
rElec   .            (no cloak)
rCorr   .            (no gloves)
SInv    .            (no boots)
Will    .....        (no amulet)
Stlth   +            (no ring)
HPRegen 0.24/turn    (no ring)
MPRegen 0.10/turn

%: no passive effects
@: slowed, very slow
A: no striking features
a: no special abilities


You were on level 2 of the Dungeon.
You visited 1 branch of the dungeon, and saw 3 of its levels.

You collected 77 gold pieces.


   Skills:
 - Level 1.5 Fighting
 + Level 8.4 Ranged Weapons
 - Level 2.4 Dodging
 - Level 1.2 Stealth


You had 3 spell levels left.
You didn't know any spells.
Your spell library was empty.

Inventory:

Hand Weapons
 a - a +0 shortbow (weapon)
Armour
 f - a +0 ring mail (worn)
Scrolls
 b - a scroll of identify {unknown}
 c - a scroll of amnesia {unknown}
Potions
 d - a potion of haste {unknown}
 e - a potion of curing {unknown}

Dungeon Overview and Level Annotations

Branches:
Dungeon (3/15)

Altars:

Shops:
D:1 [

Annotations:
D:2 Natasha


Message History

Natasha is lightly wounded.
You shoot an arrow. The arrow barely misses Natasha.
Natasha casts a spell at you.
You feel yourself slow down.
You shoot an arrow.
The arrow hits Natasha but does no damage.
Natasha is lightly wounded.
You shoot an arrow. The arrow hits Natasha.
Natasha is moderately wounded.
You shoot an arrow. The arrow closely misses Natasha.
Natasha claws you but does no damage.
You shoot an arrow.
The arrow hits Natasha but does no damage.
Natasha is moderately wounded.
Natasha claws you. Natasha claws you but does no damage.
You shoot an arrow.
The arrow hits Natasha but does no damage.
Natasha is moderately wounded.
Natasha stares at you and mumbles some strange words.
You resist with some effort.
Natasha casts a spell.
You shoot an arrow. The arrow hits Natasha.
Natasha is heavily wounded.
Natasha casts a spell at you. The magic dart hits you!
The cerulean imp closely misses you.
You shoot an arrow.
The arrow hits Natasha but does no damage.
Natasha is heavily wounded.
Natasha growls.
Natasha completely misses you. The cerulean imp misses you.
Natasha claws you but does no damage.
The cerulean imp hits you from afar with a +2 spear.
You shoot an arrow. The arrow hits Natasha.
Natasha is almost dead.
Natasha casts a spell at you. The magic dart hits you.
The cerulean imp misses you.
Natasha stares at you and mumbles some strange words.
The magic dart hits you.
You die...
Natasha curls up and begins to purr.

# ####### . ...... #
###....############# #
##..................## #
###...#..#...##.####...###
#######.......5h@...#..........#
..........#......#.......#...#.#
#.#####.|.............##.##.##.#
..%..................###.##.##.#
....###...#......#..####.##.##.#
###.###.#....:............#.##.#
# #.....#.).#..#...#####..#.##.##
###.######.........#####..#.##...
....# #>#.....#.#...........##


You could see Natasha and a cerulean imp (summoned).

Vanquished Creatures
  Natasha (twice) (D:2)
  4 gnolls (D:3)
  An adder (D:2)
  A dart slug (D:1)
  4 endoplasms
  A giant cockroach (D:1)
  3 goblins
  4 hobgoblins
  4 jackals (D:1)
  6 ball pythons
  2 bats (D:2)
  A frilled lizard (D:1)
  3 kobolds
  2 rats
38 creatures vanquished.

Notes
Turn   | Place    | Note
-------+----------+-------------------------------------------
     0 | D:1      | qw the Deep Elf Hunter began the quest for the Orb.
     0 | D:1      | Reached XP level 1. HP: 12/12 MP: 3/3
     0 | D:1      | 0 ||| qw: Version: 0.3-a-155-g5e7d8dd
     0 | D:1      | 0 ||| qw: Game counter: 2737
     0 | D:1      | 0 ||| qw: Melee chars always use a shield: true
     0 | D:1      | 0 ||| qw: God list: Okawaru
     0 | D:1      | 0 ||| qw: Allow faded altars: false
     0 | D:1      | 0 ||| qw: Do Orc after clearing Dungeon:15 true
     0 | D:1      | 0 ||| qw: Do second Lair branch before Depths: true
     0 | D:1      | 0 ||| qw: Lair rune preference: random
     0 | D:1      | 0 ||| qw: Goals: Normal
     0 | D:1      | 0 ||| PLANNING D:1-11
   169 | D:1      | Reached skill level 6 in Ranged Weapons
   169 | D:1      | Reached XP level 2. HP: 16/16 MP: 4/4
   437 | D:1      | Found Hetungaluj's Antique Armour Emporium.
   440 | D:1      | 440 ||| SHOPLISTING fading leather armour (182 gold, have
                  | 26).
   440 | D:1      | 440 ||| SHOPLISTING pair of gloves (117 gold, have 26).
   661 | D:1      | 661 ||| UPGRADING to +0 ring mail.
   671 | D:1      | 671 ||| DROPPING +0 leather armour.
   672 | D:1      | 672 ||| READING scroll labelled COZIRY DIUFA.
   676 | D:1      | 676 ||| READING scroll labelled LAFYRH IFOGU.
   677 | D:1      | 677 ||| DROPPING scroll of butterflies.
   714 | D:2      | You fall into a shaft and drop 1 floor!
   728 | D:3      | Reached XP level 3. HP: 18/20 MP: 5/5
   731 | D:3      | Reached skill level 7 in Ranged Weapons
   736 | D:3      | Reached XP level 4. HP: 19/25 MP: 6/6
  1034 | D:2      | Noticed Natasha
  1041 | D:2      | Killed Natasha
  1042 | D:2      | Reached skill level 8 in Ranged Weapons
  1265 | D:2      | Noticed Natasha
  1273 | D:2      | Killed Natasha
  1331 | D:2      | Noticed Natasha
  1341 | D:2      | HP: 5/25 [Natasha/magic dart (5)]
  1341 | D:2      | Killed from afar by Natasha

Levels and vault maps discovered:
D:1:      spicycebolla_green_bress_n_ham, layout_basic, serial_shops,
          nicolae_shop_real_fake_doors, dreamdust_mushroom_princess
D:2:      layout_loops_ring, minmay_misc_feat_plants, uniq_natasha
D:3:      layout_basic, gammafunk_ghost_stat_death, minmay_misc_feat_rugged

Skill      XL: |  1  2  3  4 |
---------------+-------------+-----
Ranged Weapons | 6 7 8 |  8.4
Fighting       | |  1.5
Dodging        | |  2.4
Stealth        | |  1.2

Action                     |  1- 3 |  4- 6 || total
---------------------------+-------+-------++-------
   Fire: Shortbow          |    81 |    45 ||   126
    Use: Scroll            |     2 |       ||     2
 Armour: Leather armour    |    13 |       ||    13
         Ring mail         |     4 |    16 ||    20
  Dodge: Dodged            |    29 |     6 ||    35

Table legend:
 A = Non-vault XP
 B = Vault XP
 C = Vault XP percentage of total XP
 D = Non-vault monster count
 E = Vault monster count
 F = Vault count percentage of total count
                 A         B        C        D         E       F
            +---------+---------+-------+---------+---------+-------
      Total |     160 |      35 |  17.9 |      37 |       1 |   2.6
            +---------+---------+-------+---------+---------+-------
        D:1 |      38 |       0 |   0.0 |      21 |       0 |   0.0
        D:2 |      64 |      35 |  35.4 |      11 |       1 |   8.3
        D:3 |      58 |       0 |   0.0 |       5 |       0 |   0.0
            +---------+---------+-------+---------+---------+-------
